Map: Arctic Dream LE

Players

Massa - Winner!

  • Race: Terran Terran
  • Spawn Location: 5:00

qqq - Winner!

  • Race: Protoss Protoss
  • Spawn Location: 6:00

PokerFace

  • Race: Protoss Protoss
  • League: Silver
  • Spawn Location: 11:00

Coronas

  • Race: Protoss Protoss
  • Spawn Location: 12:00

VOD

Have the link to the VOD?

Description

Time

  • Played on: Oct. 1, 2020, 5:16 p.m.
  • Length: 3:30
Show
View Real Time Build Order
Export as new Build Order

Massa Terran - Winner!

Build Orders:  

Get SALT Encoding   

  12  0:00  SCV  
  13  0:12  SCV  
  14  0:17  Supply Depot  
  14  0:24  SCV  
  15  0:39  SCV  
  15  0:40  Barracks  
  16  0:45  Refinery  
  16  0:51  SCV  
  16  0:55  Refinery  
  17  1:08  SCV  
  18  1:20  SCV  
  19  1:28  Marine  
  20  1:32  Orbital Command  
  20  1:39  Factory  
  20  1:49  Supply Depot  
  20  1:54  Marine  
  21  2:18  SCV  
  21  2:21  Marine  
  23  2:32  Supply Depot  
  23  2:34  Hellion  
  25  2:40  SCV  
  25  2:43  Marine  
  27  2:56  Hellion  
Show
View Real Time Build Order
Export as new Build Order

qqq Protoss - Winner!

Build Orders:  

Get SALT Encoding   

  12  0:00  Probe  
  13  0:18  Probe  
  13  0:19  Pylon  
  14  0:30  Probe  
  15  0:37  Forge  
  15  1:06  Probe  
  16  1:11  Pylon  
  16  1:15  Pylon  
  16  1:18  Probe  
  17  1:20  Pylon  
  17  1:31  Photon Cannon  
  17  1:39  Pylon  
  17  1:50  Photon Cannon  
  17  2:17  Photon Cannon, Pylon  
  17  2:20  Photon Cannon  
  16  2:30  Pylon  
  16  2:41  Photon Cannon  
  16  2:49  Pylon  
  16  2:59  Photon Cannon  
  16  3:20  Photon Cannon  
Show
View Real Time Build Order
Export as new Build Order

PokerFace Protoss 

Build Orders:  

Get SALT Encoding   

  12  0:12  Pylon  
  12  0:14  Probe (Chrono Boost)  
  13  0:23  Probe (Chrono Boost)  
  14  0:28  Probe (Chrono Boost)  
  15  0:39  Gateway  
  15  0:41  Probe  
  16  0:50  Assimilator  
  16  0:53  Probe  
  17  1:05  Probe  
  18  1:23  Forge  
  18  1:32  Probe  
  19  1:44  Probe  
  20  1:56  Probe  
  21  2:03  Zealot  
  23  2:26  Pylon  
  23  2:27  Photon Cannon  
  23  2:30  Photon Cannon  
  23  2:33  Pylon  
  23  2:48  Cybernetics Core  
  23  2:57  Photon Cannon  
  23  3:11  Assimilator  
  23  3:17  Photon Cannon  
  23  3:20  Pylon  
Show
View Real Time Build Order
Export as new Build Order

Coronas Protoss 

Build Orders: Forge Fast Expand (FFE) 

Get SALT Encoding   

  12  0:19  Pylon  
  12  0:20  Probe (Chrono Boost)  
  13  0:30  Probe (Chrono Boost)  
  13  0:35  Probe (Chrono Boost)  
  15  0:47  Probe, Forge  
  16  0:52  Assimilator  
  16  1:00  Probe  
  17  1:11  Gateway  
  17  1:39  Nexus  
  17  1:52  Pylon  
  17  2:12  Probe (Chrono Boost)  
  17  2:18  Cybernetics Core  
  18  2:23  Probe (Chrono Boost)  
  18  2:28  Probe (Chrono Boost)  
  6  3:00  Pylon  
Tags
 
Add a new tag
Caveats
  • Supply blocks, unpowered buildings, or Contaminate may cause inaccurate times.
  • Supply counts are checked every 10 seconds.